 Dungeon Crawl Stone Soup version 0.24-a0-358-g53aee78b01 (webtiles) character file.

Game seed: 11012735030741233669

43 Azzok the Magician (level 3, -8/19 HPs)
             Began as a Deep Elf Earth Elementalist on May 25, 2019.
             Mangled by an ogre
             ... wielding a +0 giant club
              (23 damage)
             ... on level 2 of the Dungeon.
             The game lasted 00:01:20 (1031 turns).

Azzok the Magician (Deep Elf Earth Elementalist)    Turns: 1031, Time: 00:01:20

Health: -8/19      AC:  3    Str:  5    XL:     3   Next: 37%
Magic:  8/10       EV: 13    Int: 20    God:
Gold:   59         SH:  0    Dex: 15    Spells: 9/10 levels left

rFire    . . .     SeeInvis .   h - +2 short sword (speed)
rCold    . . .     Gourm    .   (no shield)
rNeg     . . .     Faith    .   c - +0 robe
rPois    .         Spirit   .   (no helmet)
rElec    .         Reflect  .   (no cloak)
rCorr    .         Harm     .   (no gloves)
MR       .....                  g - +0 pair of boots {Stlth+}
Stlth    +++.......             (no amulet)
HPRegen  0.06/turn              (no ring)
MPRegen  0.12/turn              (no ring)

@: no status effects
A: no striking features
a: no special abilities


You were on level 2 of the Dungeon.
You were not hungry.

You visited 1 branch of the dungeon, and saw 2 of its levels.

You collected 59 gold pieces.

Inventory:

Hand Weapons
 h - a +2 short sword of speed (weapon)
Missiles
 b - 52 stones (quivered)
Armour
 c - a +0 robe (worn)
 g - a +0 pair of boots of stealth (worn)
Scrolls
 a - a scroll of teleportation {unknown}
 i - a scroll of remove curse {unknown}
 j - a scroll of amnesia {unknown}
Potions
 e - a potion of cancellation {unknown}
 k - a potion of might {unknown}
Comestibles
 d - 5 rations


   Skills:
 - Level 2.4 Dodging
 - Level 2.4 Stealth
 + Level 4.3 Spellcasting
   Level 1.1 Transmutations
 + Level 4.2 Earth Magic


You had 9 spell levels left.
You knew the following spells:

 Your Spells              Type           Power        Failure   Level  Hunger
a - Sandblast             Erth           ###...       2%          1    None

Your spell library contained the following spells:

 Spells                   Type           Power        Failure   Level  Hunger
 Passwall                 Tmut/Erth      ##......     6%          2    #......
 Stone Arrow              Conj/Erth      ##....       16%         3    ###....
 Petrify                  Tmut/Erth      ##......     38%         4    ####...
 Lee's Rapid Deconstruct  Erth           ###.......   52%         5    ######.


Dungeon Overview and Level Annotations

Branches:
Dungeon (2/15)

Altars:


Message History

Confirm with . or Enter, or press ? or * to list all spells.
Aiming: Sandblast (safe; 2% risk of failure)
Press: ? - help, Shift-Dir - straight line, f - ogre
Aim: an ogre, wielding a +0 giant club The blast of sand hits the ogre!
The ogre is heavily wounded.
b - 53 stones The bat barely misses you.
Casting: Sandblast (safe; 2% risk of failure)
Confirm with . or Enter, or press ? or * to list all spells.
Aiming: Sandblast (safe; 2% risk of failure)
Press: ? - help, Shift-Dir - straight line, f/p - ogre
Aim: an ogre, wielding a +0 giant club (heavily wounded)
The blast of sand hits the ogre.
The ogre is severely wounded.
b - 52 stones The bat hits you but does no damage.
The bat barely misses you.
The ogre hits you with a +0 giant club!!
Ouch! That really hurt!
You die...

▒▒ ·· ▒ ·▒
▒· ·▒ ·▒
▒▒▒·▒ ·
▒···▒▒▒·▒
▒·▒·▒b····▒
▒·▒)@···▒
▒···▒O▒·▒
▒▒▒·▒·▒·▒▒▒
▒··<·····(▒
▒·▒·▒·▒·▒·▒
▒·▒<▒·▒·▒ ▒
▒·▒·▒ ▒
▒·▒·▒ ▒·▒


You could see an ogre and a bat.

Vanquished Creatures
  A dart slug (D:1)
  A leopard gecko (D:1)
  A giant cockroach (D:1)
  5 goblins
  8 hobgoblins (D:1)
  8 jackals (D:1)
  A ball python (D:1)
  3 bats (D:1)
  4 frilled lizards (D:1)
  A kobold (D:1)
  4 rats (D:1)
37 creatures vanquished.

Notes
Turn   | Place    | Note
-------+----------+-------------------------------------------
     0 | D:1      | Azzok the Deep Elf Earth Elementalist began the quest for
                  | the Orb.
     0 | D:1      | Reached XP level 1. HP: 10/10 MP: 6/6
   201 | D:1      | Reached XP level 2. HP: 15/15 MP: 5/8
   722 | D:1      | Reached XP level 3. HP: 19/19 MP: 8/10
  1029 | D:2      | Noticed an ogre
  1031 | D:2      | Mangled by an ogre

Levels and vault maps discovered:
D:1:      lordsloth_arrival_two_stooges, layout_rooms,
          chequers_serial_rivers_micro_c
D:2:      layout_basic, chequers_ecumenical_altar_simple, first_ration,
          uniq_robin

Skill      XL: |  1  2 |
---------------+-------+-----
Spellcasting   | 4 |  4.3
Earth Magic    | 4 |  4.2
Dodging        | |  2.4
Stealth        | |  2.4
Transmutations | |  1.1

Action                   || total
-------------------------++-------
Melee: Short sword       ||    31
 Cast: Sandblast         ||    35
 Stab: Sleeping          ||     1
Armor: Robe              ||     4
Dodge: Dodged            ||    24

Table legend:
 A = Non-vault XP
 B = Vault XP
 C = Vault XP percentage of total XP
 D = Non-vault monster count
 E = Vault monster count
 F = Vault count percentage of total count
                 A         B        C        D         E       F
            +---------+---------+-------+---------+---------+-------
      Total |      62 |       0 |   0.0 |      37 |       0 |   0.0
            +---------+---------+-------+---------+---------+-------
        D:1 |      61 |       0 |   0.0 |      36 |       0 |   0.0
        D:2 |       1 |       0 |   0.0 |       1 |       0 |   0.0
            +---------+---------+-------+---------+---------+-------
